 Dungeon Crawl Stone Soup version 0.30-b1-2-g02819fbbbe (webtiles) character file.

Game seed: 3266545589939025162

129218 NoMoreGames the Devastator (level 16, -14/99 HPs)
             Began as a Deep Elf Conjurer on Aug 20, 2023.
             Was the Champion of Sif Muna.
             Demolished by Arachne
             ... wielding a staff of poison
              (27 damage)
             ... on level 3 of the Spider Nest.
             The game lasted 01:14:38 (28556 turns).

NoMoreGames the Devastator (Deep Elf Conjurer)     Turns: 28556, Time: 01:14:39

Health: -14/99     AC: 16    Str:  4    XL:     16   Next: 50%
Magic:  23/37      EV:  7    Int: 41    God:    Sif Muna [******]
Gold:   1105       SH:  0    Dex: 13    Spells: 7/45 levels left

rFire   + + .        O - staff of fire
rCold   . . .        d - +0 buckler
rNeg    . . .        J - +2 troll leather armour
rPois   .            L - +1 helmet {Int+3}
rElec   .            r - +0 cloak
rCorr   .            I - +1 pair of gloves
SInv    +            K - +3 pair of boots "Huuklig" {Fly rF+ Slay-3}
Will    +....        q - amulet of magic regeneration
Stlth   +++          x - +6 ring of intelligence
HPRegen 1.16/turn    f - ring of see invisible
MPRegen 0.65/turn

%: no passive effects
@: lethally poisoned (-14 -> -20), flying, held
A: no striking features
a: Renounce Religion, Channel Magic, Forget Spell, Divine Exegesis


You were on level 3 of the Spider Nest.
You worshipped Sif Muna.
Sif Muna was exalted by your worship.
You visited 4 branches of the dungeon, and saw 25 of its levels.
You also visited: Sewer and Gauntlet.

You collected 2715 gold pieces.
You spent 1610 gold pieces at shops.

Inventory:

Armour
 d - a +0 buckler (worn)
 r - a +0 cloak (worn)
 I - a +1 pair of gloves (worn)
 J - a +2 troll leather armour (worn)
 K - the +3 pair of boots "Huuklig" (worn) {Fly rF+ Slay-3}
   (You bought it in a shop on level 2 of the Orcish Mines)

   Slay:      It affects your accuracy & damage with ranged weapons and melee
   (-3).
   rF:        It protects you from fire.
   Fly:       It grants you flight.
 L - a +1 helmet of intelligence (worn)
Magical Staves
 O - a staff of fire (weapon)
Jewellery
 f - a ring of see invisible (right hand)
 n - a ring of resist corrosion
 q - an amulet of magic regeneration (around neck)
 u - a ring of protection from fire
 x - a +6 ring of intelligence (left hand)
 y - a ring of fire
 C - a ring of protection from cold
 D - a +4 ring of protection
Wands
 v - a wand of paralysis (34)
 z - a wand of iceblast (19)
 B - a wand of mindburst (20)
 M - a wand of flame (3)
 P - a wand of light (1)
Scrolls
 a - 3 scrolls of enchant weapon
 b - 5 scrolls of identify
 i - 12 scrolls of teleportation
 s - 2 scrolls of amnesia
 E - 2 scrolls of blinking
 F - 2 scrolls of poison
 H - 4 scrolls of fog
 N - 2 scrolls of magic mapping
 Q - a scroll of silence
 R - a scroll of fear
Potions
 c - 5 potions of cancellation
 e - 4 potions of invisibility
 g - 10 potions of curing
 h - 8 potions of attraction
 j - 5 potions of flight
 k - 6 potions of haste
 l - 6 potions of might
 m - 9 potions of mutation
 o - 7 potions of lignification
 p - 4 potions of heal wounds
 t - a potion of resistance
 w - 6 potions of berserk rage
 A - 5 potions of brilliance
 G - 2 potions of ambrosia {unknown}


   Skills:
 + Level 10.9 Fighting
 + Level 4.2 Armour
 + Level 11.8 Dodging
 - Level 5.0 Stealth
 + Level 4.2 Shields
 - Level 15.0 Spellcasting
 - Level 17.0 Conjurations
 + Level 8.5 Hexes
 - Level 5.0 Translocations
 + Level 8.1 Transmutations
 - Level 10.0 Fire Magic
 - Level 9.0 Invocations


You had 7 spell levels left.
You knew the following spells:

 Your Spells              Type           Power      Damage    Failure   Level
a - Blink                 Tloc           100%       N/A       1%          2
b - Irradiate             Conj/Tmut      46%        3d27      1%          5
c - Iskenderun's Mystic   Conj/Tloc      88%        2d17      1%          4
d - Fulminant Prism       Conj/Hex       47%        3d21      1%          4
e - Fireball              Conj/Fire      59%        3d23      1%          5
f - Starburst             Conj/Fire      59%        6d16      1%          6
g - Orb of Destruction    Conj           53%        9d13      2%          7
h - Yara's Violent Unrav  Hex/Tmut       39%        3d16      2%          5

Your spell library contained the following spells:

 Spells                   Type           Power      Damage    Failure   Level
 Foxfire                  Conj/Fire      100%       2x1d9     0%          1
 Magic Dart               Conj           100%       1d8       0%          1
 Searing Ray              Conj           100%       2d8       0%          2
 Shock                    Conj/Air       100%       1d9       1%          1
 Slow                     Hex            100%       N/A       1%          1
 Ensorcelled Hibernation  Hex/Ice        100%       N/A       1%          2
 Lesser Beckoning         Tloc           100%       N/A       1%          2
 Momentum Strike          Conj/Tloc      100%       3d10      1%          2
 Passwall                 Tmut/Erth      49%        N/A       1%          2
 Static Discharge         Conj/Air       100%       2-7/arc   1%          2
 Dazzling Flash           Conj/Hex       100%       N/A       1%          3
 Hailstorm                Conj/Ice       79%        3d16      1%          3
 Ignite Poison            Fire/Tmut/Pois 88%        N/A       1%          3
 Inner Flame              Hex/Fire       100%       N/A       1%          3
 Portal Projectile        Hex/Tloc       100%       N/A       1%          3
 Spider Form              Tmut/Pois      59%        N/A       1%          3
 Stone Arrow              Conj/Erth      100%       3d13      1%          3
 Summon Guardian Golem    Hex/Summ       60%        N/A       1%          3
 Volatile Blastmotes      Fire/Tloc      100%       2d18      1%          3
 Flame Wave               Conj/Fire      100%       2d21      1%          4
 Sticky Flame             Conj/Fire      100%       2d11      1%          4
 Iskenderun's Battlesphe  Conj           100%       2d15      1%          5
 Arcjolt                  Conj/Air       39%        1d49      2%          5
 Sandblast                Erth           60%        2d14      3%          1
 Vhi's Electric Charge    Tloc/Air       100%       N/A       3%          3
 Manifold Assault         Tloc           64%        N/A       3%          4
 Anguish                  Hex/Necr       30%        N/A       5%          4
 Leda's Liquefaction      Hex/Erth       30%        N/A       5%          4
 Frozen Ramparts          Ice            60%        1d10      9%          3
 Metabolic Englaciation   Hex/Ice        30%        N/A       14%         5
 Iron Shot                Conj/Erth      39%        9d8       14%         6
 Summon Lightning Spire   Summ/Air       30%        N/A       30%         4
 Dispersal                Tloc           32%        N/A       52%         6
 Plasma Beam              Fire/Air       41%        2x1d60    52%         6
 Enfeeble                 Hex            39%        N/A       58%         7
 Spellforged Servitor     Conj/Summ      39%        N/A       61%         7
 Lee's Rapid Deconstruct  Erth           15%        3d10*     63%         5
 Malign Gateway           Summ/Tloc      25%        N/A       100%        7
 Ignition                 Fire           53%        3d15      97%         8
 Discord                  Hex            39%        N/A       99%         8
 Lehudib's Crystal Spear  Conj/Erth      39%        10d10     99%         8
 Disjunction              Tloc           32%        N/A       100%        8
 Summon Horrible Things   Summ           15%        N/A       100%        8
 Chain Lightning          Conj/Air       39%        3d52      100%        9
 Fire Storm               Conj/Fire      59%        8d15      100%        9


Dungeon Overview and Level Annotations

Branches:
Dungeon (15/15)            Temple (0/1) D:6            Lair (5/5) D:11
 Shoals (0/4) Lair:3       Spider (3/4) Lair:2        Slime (0/5) Lair:5
    Orc (2/2) D:10            Elf (0/3) Orc:2        Vaults (0/5) D:13
 Depths (0/4) D:15          Sewer (visited)         Gauntlet (visited)

Altars:
Ashenzari
Elyvilon
Hepliaklqana
Kikubaaqudgha
Makhleb
Nemelex Xobeh
Qazlal
Ru
Sif Muna
Trog
Wu Jian
Yredelemnul
Jiyva

Shops:
D:1 (![   D:3 =   D:4 !   D:9 !   D:12 *   Orc:2 [*[=![([(

Annotations:
D:7 3 runed translucent doors, Maggie; diceflayer's ghost, novice MiFi
Lair:3 2 runed translucent doors, Zijen's ghost, journeyman MiBe
Spider:3 Arachne


Message History

Unknown command.
You feel much better.
Arachne points her staff at you, shooting a stream of webbing.
The stream of webbing hits you but does no damage.
You are caught in a web!
Arachne says, "You'll find yourself a bit attached to my weave."
Unknown command.
Casting: Orb of Destruction (dangerous; 2% risk of failure)
Confirm with . or Enter, or press ? or * to list all spells.
Casting: Starburst (dangerous; 1% risk of failure)
Press: ? - help, Dir - look around, f - activate You feel a surge of power!
The bolt of fire hits Arachne!!!
Arachne is severely wounded.
Unknown command.
Unknown command.
Casting: Starburst (dangerous; 1% risk of failure)
Confirm with . or Enter, or press ? or * to list all spells.
Casting: Starburst (dangerous; 1% risk of failure)
Press: ? - help, Dir - look around, f - activate You feel a surge of power!
The bolt of fire hits Arachne!!!
Arachne is almost dead.
Arachne hits you with a staff of poison!
Arachne envenoms you!
You are poisoned.
Arachne casts a spell at you. The poison arrow hits you!!!
You are more poisoned.
* * * LOW HITPOINT WARNING * * *
Unknown command.
Casting: Starburst (dangerous; 1% risk of failure)
Confirm with . or Enter, or press ? or * to list all spells.
Okay, then.
Unknown command.
You feel much better.
You feel very sick.
Arachne says, "Come closer, little fly."
Arachne hits you with a staff of poison!
* * * LOW HITPOINT WARNING * * *
Arachne envenoms you!!
You die...

##......^..........^..##..
#.........................
#.....#....#...#^.#.......
#..#......................
#..#.........^....#.....#.
#^.........#...#...........
#...##.......#..#..<.^...#
........#.#.......^.##...
##...[.@....#...#^.....#
#......H......^^.[..##^
##....#......#......##
##...#.....^........##
#.............#.....#
#.^.^................
##........#......#....#.
#<..............^^.....
#..#..................


You could see Arachne.

Vanquished Creatures
  Agnes (Spider:2)
  Frances (D:13)
  A broodmother (Spider:3)
  A stone giant (D:15)
  A spark wasp (Spider:3)
  An ettin (Orc:1)
  2 entropy weavers (Spider:2)
  9 hydras
  A catoblepas (Lair:2)
  2 jorogumos
  7 boulder beetles
  8 centaur warriors
  2 dancing weapons (D:13)
  2 two-headed ogres
  2 tengu warriors (D:15)
  2 radroaches
  A death yak (Lair:5)
  3 orc high priests (Orc:2)
  Sonja (Lair:5)
  2 skysharks
  4 pharaoh ants
  A sun moth (Spider:2)
  A skeletal warrior (D:12)
  12 orb spiders
  2 wizards
  A lindwurm (Lair:5)
  5 deep elf pyromancers
  Pikel (D:7)
  A steelbarb worm (Spider:3)
  8 orc knights
  7 wolf spiders
  19 ugly things
  5 orc sorcerers
  6 manticores
  9 cyclopes
  9 elephants
  4 moths of wrath
  Joseph (Lair:1)
  2 black mambas
  13 cane toads
  2 torpor snails
  11 demonic crawlers
  A guardian serpent (shapeshifter) (D:13)
  A gargoyle (D:13)
  2 unseen horrors (D:12)
  6 komodo dragons
  A rime drake (Lair:4)
  A freezing wraith (D:13)
  A kobold demonologist (D:13)
  An efreet (D:15)
  11 trolls
  6 meliai
  6 polar bears (Lair:5)
  9 hornets
  A wind drake (Lair:3)
  11 tarantellas
  3 dream sheep (Lair:5)
  4 slime creatures (D:13)
  12 blink frogs
  8 jumping spiders
  4 water elementals (D:15)
  10 culicivoras
  11 spriggans (Lair:5)
  48 yaks
  3 wyverns
  5 wraiths
  4 steam dragons
  3 basilisks
  18 vampire mosquitoes
  42 redbacks
  2 wargs (Orc:2)
  3 acid dragons
  11 water moccasins
  Duvessa (D:7)
  A sky beast (D:7)
  22 orc warriors
  3 black bears
  2 ice beasts
  6 ogres
  4 boggarts (Lair:5)
  27 wolves
  18 centaurs
  A phantom (D:5)
  A lemure (D:7)
  5 kobold brigands
  17 bullfrogs
  3 gnoll sergeants
  2 scorpions
  7 wights
  Dowan (D:7)
  7 killer bees
  7 electric eels
  A jelly (D:8)
  6 hounds
  A sleepcap (D:6)
  Crazy Yiuf (D:5)
  16 orc priests
  A gnoll bouda (D:4)
  3 iguanas
  23 orc wizards
  11 hell rats (Lair:2)
  21 gnolls
  13 adders
  6 river rats
  A shadow imp (D:8)
  2 white imps
  3 ufetubi
  4 worms
  A dart slug (D:1)
  55 orcs
  12 ball pythons
  6 bats
  11 endoplasms
  8 giant cockroaches
  11 goblins
  6 hobgoblins
  7 jackals
  4 quokkas
  17 frilled lizards
  20 kobolds
  9 rats
838 creatures vanquished.

Vanquished Creatures (others)
  A water elemental (D:15)
  An electric eel (D:15)
  97 fulminant prisms
  49 fungi
  60 plants
  24 withered plants (Gauntlet)
232 creatures vanquished.

Grand Total: 1070 creatures vanquished

Notes
Turn   | Place    | Note
-------+----------+-------------------------------------------
     0 | D:1      | NoMoreGames the Deep Elf Conjurer began the quest for the
                  | Orb.
     0 | D:1      | Reached XP level 1. HP: 10/10 MP: 6/6
     8 | D:1      | Found Kaby's Antique Weapon Shop.
    60 | D:1      | Found Pugrebb's Distillery.
   152 | D:1      | Reached XP level 2. HP: 15/15 MP: 2/8
   294 | D:1      | Learned a level 2 spell: Searing Ray
   755 | D:1      | You fall into a shaft and drop 1 floor!
   764 | D:2      | Reached skill level 5 in Conjurations
   764 | D:2      | Reached XP level 3. HP: 19/19 MP: 8/10
   869 | D:1      | Found Umi Sici's Armour Boutique.
  1274 | D:1      | Bought a +0 pair of gloves for 58 gold pieces
  2438 | D:3      | Reached XP level 4. HP: 24/24 MP: 10/12
  2499 | D:3      | Learned a level 4 spell: Iskenderun's Mystic Blast
  2504 | D:3      | Learned a level 4 spell: Fulminant Prism
  2728 | D:3      | Reached skill level 5 in Spellcasting
  2813 | D:3      | Found a faded altar of an unknown god.
  2926 | D:3      | Found Xaxov's Jewellery Emporium.
  2976 | D:3      | Found a burning altar of Makhleb.
  2976 | D:3      | Noticed a green death
  3162 | D:3      | Found a basalt altar of Yredelemnul.
  3162 | D:3      | Found a shimmering blue altar of Sif Muna.
  3169 | D:3      | Became a worshipper of Sif Muna the Loreminder
  3411 | D:4      | Found a bloodstained altar of Trog.
  3449 | D:4      | Found Sits's Distillery.
  3453 | D:4      | Bought a potion of lignification for 30 gold pieces
  3453 | D:4      | Bought a potion of heal wounds for 50 gold pieces
  3523 | D:4      | Reached skill level 6 in Conjurations
  3918 | D:4      | Reached XP level 5. HP: 28/28 MP: 10/14
  4294 | D:4      | Reached skill level 7 in Conjurations
  4418 | D:4      | Found a sacrificial altar of Ru.
  4466 | D:4      | Found a sparkling altar of Nemelex Xobeh.
  4474 | D:4      | Reached skill level 1 in Hexes
  4474 | D:4      | Reached XP level 6. HP: 32/32 MP: 7/15
  4485 | D:4      | Reached skill level 1 in Translocations
  4574 | D:4      | Reached * piety under Sif Muna
  4708 | D:5      | Entered Level 5 of the Dungeon
  4829 | D:5      | Found a runed translucent door.
  4830 | D:5      | Noticed Crazy Yiuf
  4838 | D:5      | Killed Crazy Yiuf
  5053 | D:5      | Reached XP level 7. HP: 36/36 MP: 13/18
  5299 | D:5      | Found a glowing drain.
  5311 | Sewer    | Entered a sewer
  5396 | Sewer    | Reached ** piety under Sif Muna
  5527 | Sewer    | Reached skill level 5 in Hexes
  5596 | D:5      | Noticed a yak
  5605 | D:5      | Reached skill level 5 in Translocations
  5605 | D:5      | Reached XP level 8. HP: 35/41 MP: 15/20
  6340 | D:6      | Reached skill level 8 in Conjurations
  6519 | D:6      | Found a staircase to the Ecumenical Temple.
  6530 | D:6      | Identified the +8 short sword "Kaucupn" {vamp, *Noise rPois
                  | rC++ Will+}
  6580 | D:6      | Reached skill level 1 in Invocations
  6940 | D:6      | Reached XP level 9. HP: 45/45 MP: 18/24
  6963 | D:6      | Found a white marble altar of Elyvilon.
  7042 | D:6      | Found a hazy altar of Hepliaklqana.
  7247 | D:7      | Reached skill level 9 in Conjurations
  7251 | D:7      | Reached skill level 10 in Spellcasting
  7393 | D:7      | Reached *** piety under Sif Muna
  7404 | D:7      | Reached skill level 10 in Conjurations
  7514 | D:7      | Found a broken altar of Ashenzari.
  7543 | D:7      | Reached skill level 5 in Invocations
  8013 | D:6      | Identified a scroll of acquirement
  8013 | D:6      | Acquired the Folio of Lethal Turbulence
  8163 | D:7      | Noticed Dowan
  8165 | D:7      | Noticed Duvessa
  8171 | D:7      | Killed Duvessa
  8173 | D:7      | Killed Dowan
  8323 | D:7      | Noticed Maggie
  8346 | D:7      | Found a runed translucent gate.
  8346 | D:7      | Found a runed translucent gate.
  8346 | D:7      | Found a runed translucent gate.
  8351 | D:7      | Noticed diceflayer's ghost (novice MiFi)
  8355 | D:7      | Identified the +0 plate armour of the Tundras {rF+}
  8358 | D:7      | Found a stormy altar of Qazlal.
  8388 | D:7      | Noticed Pikel
  8404 | D:7      | Killed Pikel
  8405 | D:7      | Reached skill level 1 in Fighting
  8405 | D:7      | Reached XP level 10. HP: 52/52 MP: 19/26
  9074 | D:8      | Found an ancient bone altar of Kikubaaqudgha.
  9294 | D:9      | Reached skill level 5 in Stealth
  9512 | D:9      | Reached skill level 5 in Dodging
  9539 | D:9      | Found Xotu Vofi's Distillery.
  9555 | D:9      | Bought a potion of cancellation for 104 gold pieces
  9951 | D:9      | Reached **** piety under Sif Muna
  9977 | D:9      | Reached skill level 5 in Fighting
 10294 | D:10     | Entered Level 10 of the Dungeon
 10294 | D:10     | Found a staircase to the Orcish Mines.
 10380 | D:10     | Noticed a two-headed ogre
 10386 | D:10     | Killed a two-headed ogre
 10387 | D:10     | Reached XP level 11. HP: 64/64 MP: 7/27
 10587 | D:10     | Noticed a centaur warrior
 10593 | D:10     | Killed a centaur warrior
 11207 | D:11     | Noticed a two-headed ogre
 11354 | D:11     | Found a gate leading to a gauntlet.
 11396 | Gauntlet | Entered a Gauntlet
 11396 | Gauntlet | Found a transporter.
 11397 | Gauntlet | Found a large runed translucent door.
 11398 | Gauntlet | Found a large runed translucent door.
 11399 | Gauntlet | Found a large runed translucent door.
 11399 | Gauntlet | Found a large runed translucent door.
 11399 | Gauntlet | Found a runed translucent door.
 11400 | Gauntlet | Found a large runed translucent door.
 11401 | Gauntlet | Found a large runed translucent door.
 11402 | Gauntlet | Found a large runed translucent door.
 11402 | Gauntlet | Found a large runed translucent door.
 11403 | Gauntlet | Found a runed translucent gate.
 11403 | Gauntlet | Found a runed translucent gate.
 11405 | Gauntlet | Found a transporter.
 11413 | Gauntlet | Found a runed translucent gate.
 11413 | Gauntlet | Found a runed translucent door.
 11414 | Gauntlet | Found a large runed translucent door.
 11414 | Gauntlet | Found a large runed translucent door.
 11415 | Gauntlet | Found a large runed translucent door.
 11416 | Gauntlet | Found a large runed translucent door.
 11420 | Gauntlet | Found a transporter.
 11425 | Gauntlet | Found a transporter.
 11426 | Gauntlet | Noticed a reaper
 11440 | Gauntlet | Found a transporter.
 11456 | Gauntlet | Noticed a dire elephant
 11459 | Gauntlet | Found a transporter.
 11468 | Gauntlet | Noticed a death scarab
 11468 | Gauntlet | Noticed a death scarab
 11471 | Gauntlet | Found a transporter.
 11483 | Gauntlet | Found a transporter.
 11495 | Gauntlet | Found a transporter.
 11496 | Gauntlet | Noticed a wretched star
 11505 | Gauntlet | Noticed a death scarab
 11507 | Gauntlet | Found a transporter.
 11507 | Gauntlet | Noticed a death scarab
 11524 | Gauntlet | Found a transporter.
 11542 | Gauntlet | Found a transporter.
 11544 | Gauntlet | Found a transporter.
 11564 | Gauntlet | Noticed a wizard
 11571 | Gauntlet | Found a transporter.
 11587 | Gauntlet | Found a large runed translucent door.
 11587 | Gauntlet | Found a large runed translucent door.
 11588 | Gauntlet | Found a large runed translucent door.
 11589 | Gauntlet | Found a large runed translucent door.
 11591 | Gauntlet | Found a transporter.
 11669 | Gauntlet | Found a transporter.
 11691 | Gauntlet | Found a transporter.
 11693 | Gauntlet | Found a transporter.
 11732 | D:11     | Killed a two-headed ogre
 11835 | D:11     | Found a staircase to the Lair.
 12423 | Lair:1   | Entered Level 1 of the Lair of Beasts
 12470 | Lair:1   | Reached ***** piety under Sif Muna
 12528 | Lair:1   | Noticed Joseph
 12545 | Lair:1   | Killed Joseph
 12592 | Lair:1   | Received a gift from Sif Muna
 12593 | Lair:1   | Got Sif Muna's Compilation of the Neverending People {god
                  | gift}
 12830 | Lair:1   | Reached XP level 12. HP: 73/73 MP: 18/28
 12831 | Lair:1   | Reached skill level 10 in Dodging
 13462 | Lair:2   | Noticed a five-headed hydra
 13474 | Lair:2   | Killed a five-headed hydra
 13521 | Lair:2   | Found a hole to the Spider Nest.
 13807 | Lair:2   | Noticed a catoblepas
 13862 | Lair:2   | Killed a catoblepas
 13863 | Lair:2   | Reached skill level 10 in Fighting
 13913 | Lair:2   | Learned a level 5 spell: Fireball
 13920 | Lair:2   | Learned a level 6 spell: Starburst
 13928 | Lair:2   | Learned a level 7 spell: Orb of Destruction
 13989 | Lair:2   | You fall into a shaft and drop 2 floors!
 13997 | Lair:4   | Noticed a six-headed hydra
 14041 | Lair:3   | Found a staircase to the Shoals.
 14107 | Lair:3   | Found a large runed translucent door.
 14107 | Lair:3   | Found a large runed translucent door.
 14108 | Lair:3   | Noticed Zijen's ghost (journeyman MiBe)
 14202 | Lair:3   | Reached skill level 11 in Conjurations
 14883 | Lair:3   | Noticed a six-headed hydra
 14895 | Lair:3   | Killed a six-headed hydra
 15114 | Lair:3   | Reached XP level 13. HP: 82/82 MP: 14/31
 15404 | Lair:4   | Reached skill level 12 in Conjurations
 15405 | Lair:4   | Received a gift from Sif Muna
 15410 | Lair:4   | Got Sif Muna's Writings on Enchanted Ozone {god gift}
 15530 | Lair:4   | Reached skill level 13 in Conjurations
 15592 | Lair:4   | Found a runed translucent door.
 15729 | Lair:4   | Identified the +4 ring mail of Negation {rF- rCorr Str-3
                  | Int+9}
 16048 | Lair:5   | Entered Level 5 of the Lair of Beasts
 16091 | Lair:4   | Reached skill level 14 in Conjurations
 16503 | Lair:5   | Reached skill level 15 in Conjurations
 16503 | Lair:5   | Reached skill level 1 in Fire Magic
 16893 | Lair:5   | Found a viscous altar of Jiyva.
 16904 | Lair:5   | Found a staircase to the Slime Pits.
 17423 | Lair:5   | Noticed Sonja
 17427 | Lair:5   | Killed Sonja
 17428 | Lair:5   | Reached skill level 5 in Fire Magic
 17428 | Lair:5   | Reached XP level 14. HP: 88/88 MP: 13/33
 18156 | Orc:1    | Entered Level 1 of the Orcish Mines
 18167 | Orc:1    | Received a gift from Sif Muna
 18279 | Orc:1    | Got Pauqu's Volume of the Discharge {god gift}
 18762 | Orc:1    | Learned a level 5 spell: Yara's Violent Unravelling
 18780 | Orc:2    | Entered Level 2 of the Orcish Mines
 18818 | Orc:2    | Found Esounk's Weapon Boutique.
 18929 | Orc:2    | Found Hojoozio's Armour Shoppe.
 19009 | Orc:2    | Found Gojis's Armour Shoppe.
 19218 | Orc:2    | Bought the +3 pair of boots "Huuklig" {Fly rF+ Slay-3} for
                  | 391 gold pieces
 19218 | Orc:2    | Bought a +0 helmet of intelligence for 195 gold pieces
 19635 | Orc:2    | Found a staircase to the Elven Halls.
 19638 | Orc:2    | Found Qumpir's General Store.
 19708 | Orc:2    | Found Custreuf's Antique Armour Shop.
 19829 | Orc:2    | Found Modomoyg's Jewellery Shoppe.
 19834 | Orc:2    | Found Xechaor's Armour Shop.
 19841 | Orc:2    | Found Itseny's Weapon Shop.
 19843 | Orc:2    | Found Pycw's Distillery.
 20194 | D:3      | Bought a ring of see invisible for 210 gold pieces
 20254 | D:4      | Bought a potion of haste for 100 gold pieces
 20254 | D:4      | Bought a potion of brilliance for 40 gold pieces
 20464 | D:1      | Bought 2 potions of haste for 240 gold pieces
 20464 | D:1      | Bought a potion of cancellation for 96 gold pieces
 20464 | D:1      | Bought a potion of cancellation for 96 gold pieces
 20710 | D:12     | Found Ryjudd's Assorted Antiques.
 20768 | D:12     | Reached skill level 1 in Transmutations
 20948 | D:12     | Received a gift from Sif Muna
 21484 | D:12     | Acquired Egyeleh's Catalogue of Confrontation
 21489 | D:12     | Learned a level 2 spell: Blink
 21584 | D:13     | Noticed Frances
 21724 | D:13     | Reached skill level 16 in Conjurations
 21790 | D:13     | Reached skill level 15 in Spellcasting
 21911 | D:13     | Identified the staff of fire "Veusafai" {+Blink rF+ Str+2
                  | Dex+2}
 21955 | D:13     | Identified the +2 rapier "Wuirph" {holy, Drain MP+9 Str+3}
 22163 | D:13     | Reached XP level 15. HP: 92/92 MP: 13/36
 22200 | D:13     | Killed Frances
 22506 | D:13     | Reached skill level 5 in Transmutations
 22578 | D:13     | Found an ornate altar of the Wu Jian Council.
 22637 | D:13     | Found a gate to the Vaults.
 23242 | D:14     | Received a gift from Sif Muna
 23243 | D:14     | Got Sif Muna's Quarto of Refrigeration and the Gargoyle
                  | {god gift}
 23707 | D:14     | Found a broken altar of Ashenzari.
 24073 | D:15     | Entered Level 15 of the Dungeon
 24471 | D:15     | Reached skill level 17 in Conjurations
 24471 | D:15     | Reached skill level 10 in Fire Magic
 24769 | D:15     | Reached skill level 1 in Armour
 24769 | D:15     | Reached skill level 1 in Shields
 24837 | D:15     | Found a staircase to the Depths.
 25153 | Spider:1 | Entered Level 1 of the Spider Nest
 26224 | Spider:2 | Reached ****** piety under Sif Muna
 26398 | Spider:2 | Learned a level 5 spell: Irradiate
 26823 | Spider:2 | Received a gift from Sif Muna
 26824 | Spider:2 | Got Sif Muna's Annotations on the Disjunct Familiar {god
                  | gift}
 26892 | Spider:2 | Identified the +6 spear "Meruar" {drain, *Noise rF++
                  | Will+++ Str-2}
 27023 | Spider:3 | Reached XP level 16. HP: 98/98 MP: 32/37
 27141 | Spider:3 | Noticed Agnes
 27234 | Spider:3 | Noticed Arachne
 27248 | Spider:2 | Killed Agnes
 28156 | Spider:3 | Received a gift from Sif Muna
 28555 | Spider:3 | HP: 2/99 [Arachne/poison arrow (37)]
 28556 | Spider:3 | Demolished by Arachne

Illustrated notes

Levels and vault maps discovered:
D:1:      dreamdust_arrival_sigmund_warning, layout_loops_ring, serial_shops,
          nicolae_shop_waterfront, shop, nicolae_shop_tiny_glass,
          minmay_lizard_king
D:2:      layout_loops_corners
D:3:      layout_basic, gammafunk_temple_overflow_pools,
          makhleb_altar_promises_db, serial_shops, shop,
          chequers_ecumenical_altar_twisty
D:4:      layout_loops_ring, mainiacjoe_overflow_six_doors_small,
          mainiacjoe_overflow_two_lobes, serial_shops, shop,
          minmay_goblin_outpost
D:5:      minmay_chambers_of_fours, layout_basic, gup_sewer_entry_bowl,
          nicolae_ossuary_entry_ruins, hangedman_abyss_or_decor_stagger,
          uniq_crazy_yiuf_cottage
D:6:      layout_basic, mainiacjoe_overflow_chevrons,
          nicolae_hepliaklqana_hippocampus, minmay_temple_entry_mini_moons
D:7:      layout_basic, kennysheep_little_box, nicolae_qazlal_scattered_showers,
          biasface_ghost_orc_armoury, minmay_quadrilaterals, uniq_duvessa,
          uniq_maggie, uniq_pikel
D:8:      layout_gridville, lemuel_crystal_altar, reono_crystal_passage
D:9:      layout_loops_ring, serial_shops, nicolae_shop_statue_plus,
          lightli_fourway_metalbox
D:10:     layout_basic, chequers_serial_rivers_marsh,
          chequers_serial_rivers_micro_d
D:11:     layout_long_grid, lair_entry_dummy, gauntlet_entry_generic,
          minmay_misc_feat_doors
D:12:     layout_basic, serial_shops, nicolae_shop_overgrown_old_shop,
          minmay_mirror_moons_of_madness
D:13:     hangedman_cross_cluster, layout_loops_ring, erik_vaults_1,
          uniq_frances
D:14:     layout_basic, nicolae_ashenzari_panopticon
D:15:     grunt_enter_depths_snipers, layout_basic, serial_bayou_ford_a
Lair:1:   layout_roguey, serial_bayou_lake_a, uniq_joseph
Lair:2:   layout_gridlike, nicolae_spider_entry_orb_guardian,
          kennysheep_abandoned_house
Lair:3:   layout_misc_corridors, minmay_shoals_entry_beasts,
          ebering_ghost_disaster_area
Lair:4:   layout_big_grid, pf_torpor_hydra
Lair:5:   minmay_lair_end_enchanted_forest, layout_gridlike,
          dpeg_slime_entry_corner, hibernation_bobbens, uniq_sonja
Spider:1: layout_spider_delve, hangedman_spider_trapstep
Spider:2: layout_spider_delve, nicolae_spider_orb_run
Spider:3: layout_spider_delve, uniq_agnes, uniq_arachne
Orc:1:    layout_caves
Orc:2:    st_orc_elflike, layout_caves, basic_altar, serial_shops,
          nicolae_shop_crystal, nicolae_shop_temple_entry_statues_fountains,
          shop, shop, shop, nicolae_orc_lava_room

Skill      XL: |  1  2  3  4  5  6  7  8  9 10 11 12 13 14 15 16 |
---------------+-------------------------------------------------+-----
Spellcasting   | 4 5 6 7 9 10 12 13 15 | 15.0
Conjurations   | 5 6 7 8 10 11 15 16 17 | 17.0
Hexes          | 1 3 5 7 8 |  8.5
Translocations | 2 5 |  5.0
Invocations    | 2 7 9 |  9.0
Fighting       | 1 5 7 10 | 10.9
Dodging        | 3 6 9 10 11 | 11.8
Stealth        | 3 5 |  5.0
Fire Magic     | 5 8 10 | 10.0
Transmutations | 4 7 8 |  8.1
Armour         | 3 4 |  4.2
Shields        | 3 4 |  4.2

Action                     |  1- 3 |  4- 6 |  7- 9 | 10-12 | 13-15 | 16-18 || total
---------------------------+-------+-------+-------+-------+-------+-------++-------
  Melee: Short sword       |       |       |    14 |    42 |    88 |       ||   144
         Punch             |       |       |     1 |       |     1 |       ||     2
         Staff             |       |       |       |       |     2 |     5 ||     7
   Cast: Magic Dart        |    87 |   101 |   153 |   103 |     2 |       ||   446
         Searing Ray       |     2 |    17 |    17 |    11 |       |       ||    47
         Iskenderun's Myst |       |     4 |    32 |   151 |    53 |    18 ||   258
         Fulminant Prism   |       |       |    15 |    75 |     7 |       ||    97
         Fireball          |       |       |       |     3 |   392 |    74 ||   469
         Orb of Destructio |       |       |       |       |    30 |     2 ||    32
         Starburst         |       |       |       |       |    43 |    27 ||    70
 Invoke: Channel Magic     |       |       |       |     1 |     2 |       ||     3
    Use: Scroll            |     5 |     4 |     5 |     8 |    13 |     1 ||    36
         Potion            |       |       |     1 |       |     3 |     4 ||     8
   Stab: Sleeping          |       |       |     2 |       |       |       ||     2
         Distracted        |       |       |       |     1 |       |       ||     1
 Armour: Robe              |     1 |     3 |    10 |     3 |       |       ||    17
         Troll leather arm |       |       |       |    44 |   119 |    25 ||   188
  Dodge: Dodged            |     4 |    28 |    60 |   111 |   179 |    47 ||   429
  Block: Buckler           |       |       |       |       |     3 |    10 ||    13
